 Dungeon Crawl Stone Soup version 0.30-a0-1160-g6e42c06551 (webtiles) character file.

Game seed: 17348910088456639038

2629 lunkers the Arsonist (level 10, -1/74 HPs)
             Began as a Meteoran Fire Elementalist on Apr 25, 2023.
             Was a Believer of Vehumet.
             Slain by an alligator (17 damage)
             ... on level 8 of the Dungeon.
             The game lasted 00:09:36 (2702 turns).

lunkers the Arsonist (Meteoran Fire Elementalist)   Turns: 2702, Time: 00:09:37

Health: -1/74      AC:  7    Str:  9    XL:     10   Next: 14%
Magic:  13/22      EV: 14    Int: 27    God:    Vehumet [**....]
Gold:   1570       SH:  0    Dex: 16    Spells: 12/24 levels left

rFire   . . .        a - +7 whip of the Final Chapter {freeze, Will+}
rCold   + . .        (no shield)
rNeg    . . .        A - +1 robe {rC+}
rPois   .            (no helmet)
rElec   .            k - +0 cloak
rCorr   .            c - +0 pair of gloves
SInv    .            u - +1 pair of boots
Will    ++...        (no amulet)
Stlth   +            o - +6 ring of intelligence
HPRegen 0.32/turn    p - ring of flight
MPRegen 0.18/turn

%: no passive effects
@: flying, very slightly contaminated, glowing
A: sense surroundings 2, otherworldly, glowing, explore regen
a: Renounce Religion


You were on level 8 of the Dungeon.
You worshipped Vehumet.
Vehumet was pleased with you.
You visited 1 branch of the dungeon, and saw 8 of its levels.

You collected 1570 gold pieces.

Inventory:

Hand Weapons
 a - the +7 whip of the Final Chapter (weapon) {freeze, Will+}
   (You found it on level 4 of the Dungeon)

   Will:      It increases your willpower.
 j - a +5 quarterstaff of chaos
 t - a +0 flail of protection
Armour
 c - a +0 pair of gloves (worn)
 k - a +0 cloak (worn)
 u - a +1 pair of boots (worn)
 A - a +1 robe of cold resistance (worn)
Jewellery
 o - a +6 ring of intelligence (left hand)
 p - a ring of flight (right hand)
Wands
 h - a wand of flame (28)
 i - a wand of iceblast (7)
 y - a wand of polymorph (11)
Scrolls
 e - a scroll of vulnerability
 g - a scroll of silence
Potions
 b - a potion of magic
 d - 2 potions of ambrosia {unknown}
 f - a potion of haste {unknown}
 m - 4 potions of curing
 q - a potion of attraction {unknown}
 x - a potion of heal wounds {unknown}


   Skills:
 + Level 2.5 Fighting
 + Level 4.1 Dodging
 - Level 1.4 Stealth
 + Level 7.7 Spellcasting
 * Level 8.0 Conjurations
 - Level 9.9 Fire Magic
 + Level 3.0 Air Magic


You had 12 spell levels left.
You knew the following spells:

 Your Spells              Type           Power      Damage    Failure   Level
a - Foxfire               Conj/Fire      100%       2x1d9     1%          1
b - Scorch                Fire           100%       2d9       1%          2
c - Flame Wave            Conj/Fire      56%        2d13      1%          4
d - Arcjolt               Conj/Air       20%        1d30      16%         5

Your spell library contained the following spells:

 Spells                   Type           Power      Damage    Failure   Level
 Momentum Strike          Conj/Tloc      64%        3d9       1%          2
 Inner Flame              Hex/Fire       37%        N/A       1%          3
 Volatile Blastmotes      Fire/Tloc      74%        2d16      1%          3
 Poisonous Vapours        Pois/Air       36%        N/A       4%          2
 Sting                    Tmut/Pois      40%        1d5       5%          1
 Vhi's Electric Charge    Tloc/Air       36%        N/A       9%          3
 Olgreb's Toxic Radiance  Pois           10%        N/A       47%         4
 Passage of Golubria      Tloc           10%        N/A       47%         4
 Silence                  Hex/Air        9%         N/A       63%         5
 Lehudib's Crystal Spear  Conj/Erth      16%        10d5      100%        8
 Maxwell's Capacitive Co  Air            13%        ∞         100%        8


Dungeon Overview and Level Annotations

Branches:
Dungeon (8/15) Zot: 2093   Temple (0/1) D:4
   Lair: D:8-11

Altars:
Cheibriados
Vehumet
Zin


Innate Abilities, Weirdness & Mutations

You passively map the area around you.
You are easily found by Zot.
You glow in the dark.
You regain HP and MP as you explore.


Message History

Press: ? - help, Shift-Dir - straight line, f/p - boulder beetle
Aim: a boulder beetle (moderately wounded, chance to affect: 47%)
The boulder beetle resists with some effort.
The now-empty wand crumbles to dust.
The boulder beetle bites you!
* * * LOW HITPOINT WARNING * * *
Aiming: Polymorph
Press: ? - help, Shift-Dir - straight line, f/p - boulder beetle
Aim: a boulder beetle (moderately wounded, will become an alligator, a queen bee, or a satyr, chance to affect: 31%)
The boulder beetle easily resists.
The boulder beetle closely misses you.
Aiming: Polymorph
Press: ? - help, Shift-Dir - straight line, f/p - boulder beetle
Aim: a boulder beetle (moderately wounded, will become an alligator, a queen bee, or a satyr, chance to affect: 31%)
The boulder beetle evaporates and reforms as an alligator!
The alligator closely misses you. The alligator barely misses you.
Press: ? - help, v - describe, . - travel, g - get item
Here: an alligator
Items here: a +2 whip of flaming; a +0 robe; the kobold corpse of Pikel.
An open door.
Unknown command.
Okay, then.
Magic courses through your body.
The alligator bites you but does no damage.
The alligator tail-slaps you.
* * * LOW HITPOINT WARNING * * *
Casting: Scorch (safe; 1% risk of failure)
Confirm with . or Enter, or press ? or * to list all spells.
Okay, then.
Casting: Scorch (safe; 1% risk of failure)
Confirm with . or Enter, or press ? or * to list all spells.
Electricity surges outward!
The alligator is struck by an electric surge.
The alligator is lightly wounded.
The alligator barely misses you. The alligator closely misses you.
Casting: Arcjolt (dangerous; 16% risk of failure)
Confirm with . or Enter, or press ? or * to list all spells.
Electricity surges outward!
The alligator is struck by an electric surge!
The alligator is moderately wounded.
The alligator bites you!
You die...

, #<# , , , ,
* ,* ##.##, *
* * *,* #...#
,, * *
##...##, * *
* , ,#.....#
,* ** *,
##.....## * *
* #.......# *
,* *
,,##.......##
* * ,* ,
#.....@...# *
* *
,*#####t#####
* ** ,* , <
... < , , ,,
..... ,,, *,
,, ,#>.....
,, * *
######+ * * ,
, * * * ,** ,
, , , , , ,,
, , * , * *,
, * ,


You could see an alligator.

Vanquished Creatures
  Pikel (D:8)
  Prince Ribbit (D:7)
  An acid dragon (D:8)
  A water moccasin (D:7)
  Duvessa (D:7)
  A black bear (D:4)
  An ice beast (D:5)
  An ogre (D:6)
  A centaur (D:7)
  2 lemures (D:8)
  2 kobold brigands (D:7)
  3 bullfrogs
  A scorpion (D:6)
  Dowan (D:7)
  A howler monkey (D:7)
  7 hounds
  A sleepcap (D:6)
  Crazy Yiuf (D:3)
  5 orc priests
  6 iguanas
  3 orc wizards
  7 gnolls (D:4)
  5 adders
  2 dart slugs
  10 orcs
  2 ball pythons
  3 endoplasms
  A giant cockroach (D:1)
  3 goblins
  3 hobgoblins
  7 jackals
  19 kobolds
  2 quokkas
  9 bats
  A rat (D:3)
116 creatures vanquished.

Vanquished Creatures (others)
  207 foxfires
  A fungus (D:1)
  3 toadstools (D:1)
211 creatures vanquished.

Grand Total: 327 creatures vanquished

Notes
Turn   | Place    | Note
-------+----------+-------------------------------------------
     0 | D:1      | lunkers the Meteoran Fire Elementalist began the quest for
                  | the Orb.
     0 | D:1      | Reached XP level 1. HP: 14/14 MP: 5/5
    67 | D:1      | Reached XP level 2. HP: 15/20 MP: 0/6
   163 | D:1      | Reached skill level 4 in Fire Magic
   215 | D:1      | Learned a level 2 spell: Scorch
   500 | D:1      | Glimpsed the power of Zot.
   550 | D:1      | Glimpsed the power of Zot.
   629 | D:2      | Reached XP level 3. HP: 26/26 MP: 6/8
   821 | D:3      | Found a runed translucent door.
   822 | D:3      | Noticed Crazy Yiuf
   828 | D:3      | Killed Crazy Yiuf
   829 | D:3      | Reached XP level 4. HP: 12/33 MP: 2/10
   993 | D:3      | Found a faded altar of an unknown god.
  1076 | D:3      | Reached skill level 5 in Fire Magic
  1119 | D:3      | Found a snail-covered altar of Cheibriados.
  1119 | D:3      | Found a radiant altar of Vehumet.
  1129 | D:3      | Became a worshipper of Vehumet
  1260 | D:4      | Reached XP level 5. HP: 35/38 MP: 3/11
  1297 | D:4      | Found a staircase to the Ecumenical Temple.
  1334 | D:4      | Noticed a black bear
  1343 | D:4      | Killed a black bear
  1344 | D:4      | Reached skill level 6 in Fire Magic
  1344 | D:4      | Reached XP level 6. HP: 22/45 MP: 0/13
  1350 | D:4      | Reached XP level 7. HP: 25/50 MP: 0/14
  1375 | D:4      | Learned a level 4 spell: Flame Wave
  1487 | D:4      | Reached * piety under Vehumet
  1487 | D:4      | Offered knowledge of Shock by Vehumet.
  1541 | D:4      | Identified the +7 whip of the Final Chapter {freeze, Will+}
  1595 | D:5      | Entered Level 5 of the Dungeon
  1645 | D:5      | Reached skill level 7 in Fire Magic
  1675 | D:5      | Reached skill level 5 in Spellcasting
  1785 | D:5      | Found a glowing silver altar of Zin.
  1990 | D:5      | Reached XP level 8. HP: 42/57 MP: 9/17
  2053 | D:6      | Reached skill level 5 in Conjurations
  2053 | D:6      | Reached skill level 8 in Fire Magic
  2172 | D:6      | Identified a scroll of acquirement
  2172 | D:6      | Acquired 1151 gold pieces
  2277 | D:6      | Offered knowledge of Sandblast by Vehumet.
  2367 | D:7      | Noticed Prince Ribbit
  2370 | D:7      | Reached skill level 9 in Fire Magic
  2376 | D:7      | Killed Prince Ribbit
  2377 | D:7      | Gained mutation: You passively map the area around you.
                  | [Meteoran growth]
  2377 | D:7      | Reached XP level 9. HP: 62/62 MP: 13/19
  2394 | D:7      | Noticed Dowan
  2397 | D:7      | Noticed Duvessa
  2398 | D:7      | Killed Dowan
  2403 | D:7      | Killed Duvessa
  2403 | D:7      | Reached ** piety under Vehumet
  2436 | D:7      | Learned a level 5 spell: Arcjolt
  2519 | D:7      | Reached skill level 1 in Air Magic
  2553 | D:7      | Reached skill level 1 in Fighting
  2570 | D:7      | Offered knowledge of Momentum Strike by Vehumet.
  2684 | D:8      | Noticed a boulder beetle
  2686 | D:8      | Noticed Pikel
  2687 | D:8      | Killed Pikel
  2688 | D:8      | Reached XP level 10. HP: 67/74 MP: 14/22
  2699 | D:8      | a boulder beetle changed into an alligator
  2699 | D:8      | Noticed an alligator
  2702 | D:8      | Slain by an alligator

Illustrated notes

Levels and vault maps discovered:
D:1:      elethiomel_arrival_maze, layout_loops_corners,
          minmay_gold_behind_fungi
D:2:      layout_basic, serial_shops, nicolae_shop_stone
D:3:      layout_basic, jmf_multi_god_temple, mainiacjoe_overflow_alcove_2,
          dreamdust_ecumenical_altar_statues, uniq_ijyb, uniq_crazy_yiuf_cottage
D:4:      layout_basic, minmay_temple_entry_butterflies, serial_curves,
          eino_curves_03, eino_curves_04, kennysheep_generic_room_2
D:5:      layout_gridville, lemuel_coloured_pillars_altar, minmay_statues_item
D:6:      layout_basic
D:7:      layout_rooms, uniq_duvessa, uniq_prince_ribbit1
D:8:      minmay_diamond_stairs, layout_loops_ring, lemuel_tele_altar,
          minmay_misc_feat_enclosed, uniq_grum, uniq_psyche, uniq_pikel

Skill      XL: |  1  2  3  4  5  6  7  8  9 |
---------------+----------------------------+-----
Fire Magic     | 4 5 6 7 9 |  9.9
Spellcasting   | 3 4 5 6 7 |  7.7
Conjurations   | 2 3 4 6 8 |  8.0
Air Magic      | 3 |  3.0
Fighting       | 2 |  2.5
Dodging        | 4 |  4.1
Stealth        | |  1.4

Action                     |  1- 3 |  4- 6 |  7- 9 | 10-12 || total
---------------------------+-------+-------+-------+-------++-------
  Melee: Unarmed           |    13 |       |       |       ||    13
         Quarterstaff      |       |     9 |     4 |       ||    13
         Whip              |       |       |    33 |       ||    33
   Cast: Foxfire           |    41 |    51 |    34 |       ||   126
         Scorch            |     3 |     2 |    41 |     2 ||    48
         Flame Wave        |       |       |     8 |       ||     8
         Arcjolt           |       |       |       |     3 ||     3
  Evoke: Wand              |       |     3 |       |     7 ||    10
    Use: Scroll            |       |       |    13 |       ||    13
         Potion            |       |       |       |     1 ||     1
 Armour: Robe              |    13 |     9 |    15 |     2 ||    39
  Dodge: Dodged            |    31 |    18 |    36 |     8 ||    93

Table legend: (Time is in decaauts)
 A = Elapsed time spent in this place.
 B = Non-inter-level travel time spent in this place.
 C = Inter-level travel time spent in this place.
 D = Time resting spent in this place.
 E = Time spent auto-exploring this place.
 F = Levels seen in this place.
 G = Mean time per level.
                   A        B        C        D        E       F      G
               +--------+--------+--------+--------+--------+-----+--------+
         Total |   2705 |   2563 |    142 |      0 |   1722 |   8 |  338.1 |
       Dungeon |   2705 |   2563 |    142 |      0 |   1722 |   8 |  338.1 |
               +--------+--------+--------+--------+--------+-----+--------+

Top non-repeatable levels by time:
     D:1: 551 daAuts
     D:3: 525 daAuts
     D:5: 450 daAuts
     D:4: 379 daAuts
     D:6: 323 daAuts
     D:7: 300 daAuts
     D:2: 140 daAuts
     D:8: 35 daAuts
